 Dungeon Crawl Stone Soup version 0.29.1-15-g9cfb28693d (webtiles) character file.

Game seed: 1648621605956723715

137300 dobroeutro the Bludgeoner (level 17, -14/115 HPs)
             Began as a Gargoyle Fighter on Apr 22, 2023.
             Was the Champion of Okawaru.
             Demolished by a pharaoh ant (23 damage)
             ... on level 4 of the Spider Nest.
             The game lasted 00:52:33 (34028 turns).

dobroeutro the Bludgeoner (Gargoyle Fighter)       Turns: 34028, Time: 00:52:33

Health: -14/115    AC: 43    Str: 28    XL:     17   Next: 23%
Magic:  0/26       EV: 11    Int:  4    God:    Okawaru [******]
Gold:   2807       SH: 19    Dex: 13    Spells: 16/16 levels left

rFire   . . .      SeeInvis +   W - +4 demon whip (venom)
rCold   . . .      Faith    .   X - +3 tower shield "Iddufy" {Will+++ rCorr Int-5}
rNeg    + + .      Spirit   +   A - +1 chain mail of the End {Str+4}
rPois   ∞          Reflect  .   Y - -1 helmet of the Blue Skies {Rampage}
rElec   +          Harm     .   y - +2 cloak {rPois}
rCorr   +          Rampage  +   t - +2 pair of gloves {Stlth+}
Will    ++++.                   B - +2 pair of boots
Stlth   ..........              K - amulet of guardian spirit
HPRegen 0.29/turn               k - +4 ring of protection
MPRegen 0.20/turn               e - ring of Beogh's Delight {rElec rN+ MP+9 SInv}

@: flying
A: sickness immunity, AC +12, big wings, negative energy resistance 1,
electricity resistance, torment resistance 1, petrification resistance,
deterioration 1
a: Renounce Religion, Heroism, Finesse, Duel


You were on level 4 of the Spider Nest.
You worshipped Okawaru.
Okawaru was exalted by your worship.
You visited 6 branches of the dungeon, and saw 27 of its levels.
You also visited: Bailey.

You collected 3115 gold pieces.
You spent 308 gold pieces at shops.

Inventory:

Hand Weapons
 a - a +1 flail
 O - a +4 scimitar of flaming
 T - a +1 flail of holy wrath
 W - a +4 demon whip of venom (weapon)
Armour
 s - a +2 pair of gloves of strength
 t - a +2 pair of gloves of stealth (worn)
 y - a +2 cloak of poison resistance (worn)
 A - the +1 chain mail of the End (worn) {Str+4}
   (You bought it in a shop on level 5 of the Dungeon)

   Str:       It affects your strength (+4).
 B - a +2 pair of boots (worn)
 C - the +0 cloak of Parts Unknown {rN+++ Int-3}
   (Okawaru gifted it to you on level 3 of the Spider Nest)

   Int:       It affects your intelligence (-3).
   rN:        It renders you almost immune to negative energy.
 X - the +3 tower shield "Iddufy" (worn) {Will+++ rCorr Int-5}
   (You acquired it on level 3 of the Lair of Beasts)

   Int:       It affects your intelligence (-5).
   rCorr:     It protects you from acid and corrosion.
   Will:      It greatly increases your willpower.
 Y - the -1 helmet of the Blue Skies (worn) {Rampage}
   (Okawaru gifted it to you on level 1 of the Lair of Beasts)

   Rampage:   It bestows one free step when moving towards enemies.
Jewellery
 e - the ring of Beogh's Delight (right hand) {rElec rN+ MP+9 SInv}
   (You found it on level 8 of the Dungeon)

   [ring of see invisible]

   rElec:     It insulates you from electricity.
   rN:        It protects you from negative energy.
   MP:        It affects your magic capacity (+9).
   SInv:      It lets you see invisible.
 k - a +4 ring of protection (left hand)
 u - a +4 ring of slaying
 K - an amulet of guardian spirit (around neck)
 S - a +4 ring of evasion
Wands
 b - a wand of flame (26)
 p - a wand of polymorph (9)
 H - a wand of mindburst (16)
 J - a wand of digging (3)
 V - a wand of iceblast (2)
Scrolls
 c - 2 scrolls of summoning
 d - 2 scrolls of brand weapon
 f - 7 scrolls of blinking
 h - 4 scrolls of identify
 m - a scroll of enchant armour
 q - 4 scrolls of teleportation
 w - 2 scrolls of amnesia
 D - 3 scrolls of poison
 I - a scroll of fear
 U - 7 scrolls of magic mapping
Potions
 g - a potion of heal wounds
 i - 7 potions of cancellation
 j - 6 potions of invisibility
 l - 12 potions of curing
 o - 11 potions of haste
 r - a potion of attraction
 v - a potion of berserk rage {unknown}
 z - 3 potions of lignification
 E - 9 potions of ambrosia
 F - 3 potions of mutation
 G - 4 potions of brilliance
 L - a potion of might
 M - 3 potions of magic
Miscellaneous
 x - a piece from Xom's chessboard (15/15)


   Skills:
 + Level 15.8 Fighting
 + Level 16.7 Maces & Flails
 + Level 15.8 Armour
 + Level 12.1 Dodging
 - Level 10.6 Shields


You had 16 spell levels left.
You didn't know any spells.
Your spell library contained the following spells:

 Spells                   Type           Power      Damage    Failure   Level
 Apportation              Tloc           0%         N/A       100%        1
 Foxfire                  Conj/Fire      0%         2x1d4     100%        1
 Freeze                   Ice            0%         1d3       100%        1
 Necrotise                Necr           0%         1d4       100%        1
 Blink                    Tloc           0%         N/A       100%        2
 Poisonous Vapours        Pois/Air       0%         N/A       100%        2
 Static Discharge         Conj/Air       0%         3-3/arc   100%        2
 Conjure Flame            Conj/Fire      0%         6-21      100%        3
 Frozen Ramparts          Ice            0%         1d1       100%        3
 Inner Flame              Hex/Fire       0%         N/A       100%        3
 Corpse Rot               Necr/Pois/Air  0%         N/A       100%        4
 Dispel Undead            Necr           0%         3d6       100%        4
 Flame Wave               Conj/Fire      0%         2d4       100%        4
 Hailstorm                Conj/Ice       0%         3d3       100%        4
 Olgreb's Toxic Radiance  Pois           0%         N/A       100%        4
 Sticky Flame             Conj/Fire      0%         2d3       100%        4
 Manifold Assault         Tloc           0%         N/A       100%        5
 Dispersal                Tloc           0%         N/A       100%        6
 Ozocubu's Refrigeration  Ice            0%         4d7       100%        7
 Storm Form               Tmut/Air       0%         N/A       100%        7
 Disjunction              Tloc           0%         N/A       100%        8
 Ignition                 Fire           0%         3d3       100%        8
 Summon Small Mammal      Summ           Unusable   N/A       N/A         1

Dungeon Overview and Level Annotations

Branches:
Dungeon (14/15)            Temple (1/1) D:6            Lair (5/5) D:9
 Shoals (0/4) Lair:2       Spider (4/4) Lair:2        Slime (0/5) Lair:5
    Orc (2/2) D:9             Elf (0/3) Orc:2        Bailey (visited)
 Vaults: D:13-14

Altars:
Ashenzari
Cheibriados
Dithmenos
Elyvilon
Fedhas
Gozag
Hepliaklqana
Kikubaaqudgha
Makhleb
Nemelex Xobeh
Okawaru
Qazlal
Ru
Sif Muna
Trog
Uskayaw
Vehumet
Xom
Zin
The Shining One
Jiyva

Shops:
D:3 [[((!   D:5 *   Orc:2 ([*=

Annotations:
D:9 3 runed translucent doors, p0werm0de's ghost, novice MiFi
D:14 Azrael
Lair:1 2 transporters, Ceckukk's ghost, journeyman GrEE
Lair:5 2 runed translucent doors
Orc:2 2 transporters, p0werm0de's ghost, journeyman MiFi


Innate Abilities, Weirdness & Mutations

You are immune to sickness and miasma.
Your stone body is resilient. (AC +12)
You are immune to poison.
Your large and strong wings let you fly.
You resist negative energy. (rN+)
You are resistant to electric shocks. (rElec)
You are resistant to unholy torment.
You are immune to petrification.
Your body sometimes deteriorates upon taking damage.


Message History

The pharaoh ant barely misses you.
You rampage towards the jumping spider!
You hit the jumping spider but do no damage.
The jumping spider leaps!
The jumping spider pounces on you.
You are caught in a web!
The jumping spider bites you but does no damage.
The jumping spider barely misses you.
The jumping spider bites you but does no damage.
You struggle to detach yourself from the web.
The jumping spider pounces on you.
The jumping spider bites you but does no damage.
The jumping spider pounces on you but does no damage.
The jumping spider bites you but does no damage.
The jumping spider pounces on you but does no damage.
The jumping spider bites you but does no damage.
The jumping spider simulacrum pounces on you but does no damage.
The jumping spider simulacrum bites you.
The jumping spider simulacrum freezes you!!
* * * LOW HITPOINT WARNING * * *
The jumping spider leaps! x2
Unknown command.
Unknown command.
You struggle to detach yourself from the web.
The jumping spider pounces on you but does no damage.
The jumping spider bites you but does no damage.
The pharaoh ant bites you!
* * * LOW HITPOINT WARNING * * *
The jumping spider simulacrum closely misses you.
The jumping spider simulacrum bites you but does no damage.
The jumping spider barely misses you. The jumping spider bites you.
* * * LOW HITPOINT WARNING * * *
The pharaoh ant bites you.
* * * LOW HITPOINT WARNING * * *
Unknown command.
The web tears apart.
You block the jumping spider simulacrum's attack.
The jumping spider simulacrum bites you but does no damage.
The jumping spider pounces on you but does no damage.
You block the jumping spider's attack. The pharaoh ant bites you!!
You die...

*#.......#...#.....##..###
#^.##^.^....##.....#....^#
####.^##....#...#..#..<.##
*^.#.##...####.....#^..##
##..^,##..#.^#..s^###..#
*^...##.....^#..###^#..#
###...##..^.°#.^#.#....#
*****
#^...#..^.s..Z°#.....##
*,,~*
##...##...^..#@#...#^.#
*~,,,
**#....^^..###^Bs.......#
**,~,
#.####†...#.............#
**,^
#....†...##.^........####
*^,*
##....#.^.^####...####,,*
*,*,
.^..#.#####..^....#.#,,,*
*,,*
^..,##*^,,##........#,,,**
**^^
..**,^,,,,,#####........,*
*^,
.,^,,,,,,,,^,,,.........^**
*,*


You could see a pharaoh ant, 3 jumping spiders and a jumping spider simulacrum.

Vanquished Creatures
  Arachne (Spider:3)
  Rupert (Lair:4)
  Mlioglotl (Spider:3)
  Frances (Spider:2)
  Kirke (Lair:5)
  2 orc warlords (Orc:1)
  A ghost moth (Spider:3)
  5 emperor scorpions
  5 broodmothers
  3 spark wasps
  3 entropy weavers
  Snorg (D:12)
  Harold (D:11)
  4 hydras
  5 boulder beetles
  3 jorogumos
  3 radroaches
  Erica (D:8)
  A catoblepas (Lair:5)
  4 two-headed ogres
  A centaur warrior (D:10)
  A death scarab (Spider:2)
  A tengu warrior (D:12)
  4 orc high priests
  A sun moth (Spider:4)
  A sea snake (Lair:2)
  8 pharaoh ants
  9 orb spiders
  4 steelbarb worms
  A lindwurm (Lair:5)
  3 orc sorcerers
  4 orc knights
  15 wolf spiders
  5 cyclopes
  An oklob plant (Lair:4)
  A deep elf pyromancer (D:13)
  A salamander (shapeshifter) (D:14)
  An ugly thing (D:12)
  3 moths of wrath
  12 elephants (Lair:5)
  A merfolk siren (Lair:2)
  7 black mambas
  8 torpor snails
  3 molten gargoyles (Lair:5)
  3 gargoyles
  7 demonic crawlers
  11 cane toads
  3 kobold demonologists
  Psyche (D:8)
  12 komodo dragons
  5 polar bears
  A queen bee (Spider:2)
  21 tarantellas
  8 trolls
  7 meliai
  12 blink frogs
  6 slime creatures
  32 jumping spiders
  14 dream sheep
  10 culicivoras
  2 shadows
  7 wyverns
  4 vampires
  6 humans (Lair:5)
  2 unseen horror simulacra (D:8)
  6 basilisks
  3 wraiths
  2 fire elementals
  A hog (shapeshifter) (D:13)
  58 yaks
  58 redbacks
  2 steam dragons (Lair:5)
  6 wargs
  13 water moccasins
  3 hell hounds (Lair:5)
  A sky beast (D:7)
  22 orc warriors
  4 ice beasts
  7 ogres
  2 centaurs
  A phantom (D:6)
  7 wolves
  4 kobold brigands
  3 gnoll sergeants
  7 necrophages
  11 bullfrogs
  2 scorpions (D:6)
  13 wights
  37 killer bees
  8 vampire bats (Bailey)
  4 howler monkeys
  5 wolf zombies (Bailey)
  3 jellies
  5 lava snakes (Lair:5)
  A hound (D:5)
  13 orc priests
  3 gnoll boudas
  A scorpion zombie (D:4)
  2 iguanas (D:6)
  7 hell rats (Lair:3)
  15 orc wizards
  A killer bee simulacrum (D:8)
  28 gnolls
  9 adders
  A shadow imp (D:8)
  3 white imps
  3 ufetubi
  2 worms
  4 dart slugs
  57 orcs
  5 endoplasms
  5 giant cockroaches
  7 goblins
  10 hobgoblins
  8 jackals
  5 quokkas
  10 ball pythons
  6 bats
  6 frilled lizards
  21 kobolds
  21 orc zombies (Bailey)
  6 rats
875 creatures vanquished.

Vanquished Creatures (others)
  An orb spider (Spider:4)
  A redback (Spider:3)
  An orc priest (Orc:2)
  An orc (D:9)
  A bush (D:4)
  26 fungi
  32 plants
63 creatures vanquished.

Grand Total: 938 creatures vanquished

Notes
Turn   | Place    | Note
-------+----------+-------------------------------------------
     0 | D:1      | dobroeutro the Gargoyle Fighter began the quest for the
                  | Orb.
     0 | D:1      | Reached XP level 1. HP: 14/14 MP: 1/1
   210 | D:1      | Reached XP level 2. HP: 19/19 MP: 2/2
   371 | D:1      | Reached skill level 3 in Maces & Flails
   607 | D:1      | Reached XP level 3. HP: 23/23 MP: 3/3
  1439 | D:2      | Reached skill level 4 in Maces & Flails
  1495 | D:2      | Reached XP level 4. HP: 28/28 MP: 4/4
  1544 | D:2      | Found a shimmering blue altar of Sif Muna.
  2314 | D:3      | Reached skill level 5 in Maces & Flails
  2384 | D:3      | Reached XP level 5. HP: 32/32 MP: 5/5
  2429 | D:3      | Found Luamnu's Antique Armour Shop.
  2515 | D:3      | Found Xekuid's Distillery.
  2581 | D:3      | Found a glowing silver altar of Zin.
  2650 | D:3      | Found a white marble altar of Elyvilon.
  2658 | D:3      | Found a snail-covered altar of Cheibriados.
  2661 | D:3      | Found a shimmering altar of Xom.
  3049 | D:3      | Found Itunkuad's Antique Weapon Emporium.
  3050 | D:3      | Found Laagrot's Antique Weapon Shop.
  3084 | D:3      | Found Tomaocoe's Armour Shop.
  3395 | D:3      | Bought a pair of embroidered gloves for 157 gold pieces
  3553 | D:4      | Reached skill level 6 in Maces & Flails
  3553 | D:4      | Reached XP level 6. HP: 37/37 MP: 6/6
  3679 | D:4      | Found a sparkling altar of Nemelex Xobeh.
  3731 | D:4      | Found a blossoming altar of Fedhas.
  4327 | D:4      | Reached skill level 7 in Maces & Flails
  4336 | D:4      | Reached XP level 7. HP: 33/41 MP: 7/7
  4371 | D:4      | Reached skill level 8 in Maces & Flails
  4615 | D:5      | Entered Level 5 of the Dungeon
  4966 | D:5      | Found a broken altar of Ashenzari.
  5189 | D:5      | Found a sacrificial altar of Ru.
  5207 | D:5      | Found Iskupt's CLEARANCE SALE!.
  5216 | D:5      | Bought 2 potions of heal wounds for 40 gold pieces
  5216 | D:5      | Bought the +1 chain mail of the End {Str+4} for 99 gold
                  | pieces
  5216 | D:5      | Bought a scroll of teleportation for 12 gold pieces
  5344 | D:5      | Reached skill level 9 in Maces & Flails
  5344 | D:5      | Reached XP level 8. HP: 33/46 MP: 8/8
  5598 | D:6      | Found a radiant altar of Vehumet.
  5732 | D:6      | Reached skill level 10 in Maces & Flails
  5995 | D:6      | Found a staircase to the Ecumenical Temple.
  6071 | Temple   | Entered the Ecumenical Temple
  6113 | Temple   | Became a worshipper of Warmaster Okawaru
  6185 | D:6      | Reached skill level 11 in Maces & Flails
  6333 | D:6      | Reached XP level 9. HP: 30/51 MP: 9/9
  6860 | D:7      | Found a burning altar of Makhleb.
  7090 | D:7      | Reached skill level 12 in Maces & Flails
  7124 | D:7      | Identified the +4 robe of the Alphagorgon {-Tele Will+
                  | Slay+2}
  7565 | D:6      | Reached * piety under Okawaru
  7694 | D:7      | Noticed a green death
  7698 | D:7      | Noticed an orange demon
  7698 | D:7      | Noticed an orange demon
  8071 | D:8      | Reached skill level 13 in Maces & Flails
  8111 | D:8      | Reached skill level 1 in Dodging
  8337 | D:8      | Identified the ring of Beogh's Delight {rElec rN+ MP+9
                  | SInv}
  8383 | D:8      | Reached ** piety under Okawaru
  8384 | D:8      | Reached XP level 10. HP: 42/56 MP: 10/10
  8492 | D:8      | Noticed a two-headed ogre
  8505 | D:8      | Killed a two-headed ogre
  8644 | D:9      | Found a flagged portal.
  8657 | Bailey   | Entered a bailey
  8877 | Bailey   | Reached skill level 5 in Fighting
  8877 | Bailey   | Reached skill level 5 in Armour
  8886 | Bailey   | Reached skill level 5 in Shields
  9049 | Bailey   | Reached *** piety under Okawaru
  9086 | Bailey   | Noticed a gargoyle
  9098 | Bailey   | Killed a gargoyle
  9538 | D:9      | Found a staircase to the Orcish Mines.
  9574 | D:9      | Found a runed translucent gate.
  9574 | D:9      | Found a runed translucent gate.
  9575 | D:9      | Found a runed translucent gate.
  9575 | D:9      | Noticed p0werm0de's ghost (novice MiFi)
  9615 | D:9      | Noticed a two-headed ogre
  9623 | D:9      | Killed a two-headed ogre
  9830 | D:9      | Reached XP level 11. HP: 55/65 MP: 11/11
  9981 | D:9      | Found a staircase to the Lair.
 10190 | D:9      | Found a viscous altar of Jiyva.
 10208 | D:9      | Reached **** piety under Okawaru
 10229 | D:8      | Found a bloodstained altar of Trog.
 10229 | D:8      | Found a stormy altar of Qazlal.
 10709 | D:8      | Found a hide-covered altar of Uskayaw.
 10849 | D:8      | Noticed Erica
 10864 | D:8      | Killed Erica
 10940 | D:8      | Found a hazy altar of Hepliaklqana.
 10968 | D:8      | Noticed Psyche
 10975 | D:8      | Killed Psyche
 11253 | D:10     | Entered Level 10 of the Dungeon
 11261 | D:10     | Noticed a two-headed ogre
 11270 | D:10     | Killed a two-headed ogre
 11333 | D:10     | Noticed a centaur warrior
 11341 | D:10     | Killed a centaur warrior
 11341 | D:10     | Received a gift from Okawaru
 11342 | D:10     | Reached skill level 5 in Dodging
 11383 | D:10     | Reached ***** piety under Okawaru
 11647 | D:10     | Received a gift from Okawaru
 12142 | D:11     | Reached XP level 12. HP: 73/75 MP: 12/12
 12508 | D:11     | Noticed Harold
 12540 | D:11     | Killed Harold
 12785 | D:11     | Noticed a boulder beetle
 12826 | D:11     | Killed a boulder beetle
 12911 | D:11     | Noticed a two-headed ogre
 12919 | D:11     | Killed a two-headed ogre
 13984 | D:12     | Received a gift from Okawaru
 14575 | D:13     | Noticed Snorg
 14738 | D:13     | Noticed a tengu warrior
 14771 | D:12     | Killed a tengu warrior
 14945 | D:12     | Reached skill level 10 in Fighting
 14945 | D:12     | Reached skill level 10 in Armour
 14945 | D:12     | Reached skill level 10 in Shields
 15079 | D:12     | Killed Snorg
 15080 | D:12     | Reached XP level 13. HP: 32/82 MP: 3/13
 15308 | D:13     | Reached ****** piety under Okawaru
 15308 | D:13     | Identified the +2 dire flail of Internal Strife {vorpal,
                  | *Noise MP-9 Str+6 Dex+7} (Okawaru gifted it to you on level
                  | 13 of the Dungeon)
 15308 | D:13     | Received a gift from Okawaru
 15914 | D:14     | Noticed Azrael
 16264 | Orc:1    | Entered Level 1 of the Orcish Mines
 16581 | Orc:2    | Entered Level 2 of the Orcish Mines
 16581 | Orc:2    | Found a staircase to the Elven Halls.
 16635 | Lair:1   | Entered Level 1 of the Lair of Beasts
 17251 | Lair:1   | Found a transporter.
 17274 | Lair:1   | Noticed Ceckukk's ghost (journeyman GrEE)
 17275 | Lair:1   | Found a transporter.
 17389 | Lair:1   | Identified the -1 helmet of the Blue Skies {Rampage}
                  | (Okawaru gifted it to you on level 1 of the Lair of Beasts)
 17389 | Lair:1   | Received a gift from Okawaru
 18366 | Lair:2   | Found a hole to the Spider Nest.
 18555 | Lair:2   | Found a staircase to the Shoals.
 19126 | Lair:3   | Gained mutation: Your large and strong wings let you fly.
                  | [Gargoyle growth]
 19126 | Lair:3   | Reached XP level 14. HP: 86/90 MP: 14/14
 19286 | Lair:3   | Identified the +6 trident "Qahe" {distort, Int+5}
 19608 | Lair:3   | Identified the +9 rapier of Hebluesu {drain, rPois rC+}
 19714 | Lair:3   | Received a gift from Okawaru
 19772 | Lair:3   | Identified a scroll of acquirement
 19841 | Lair:3   | Acquired the +3 tower shield "Iddufy" {Will+++ rCorr Int-5}
 20299 | Lair:4   | Noticed Rupert
 20318 | Lair:5   | Entered Level 5 of the Lair of Beasts
 20326 | Lair:5   | Reached skill level 14 in Maces & Flails
 20838 | Lair:5   | Received a gift from Okawaru
 21006 | Lair:5   | Noticed Kirke
 21023 | Lair:5   | Noticed a sphinx
 21029 | Lair:5   | Killed Kirke
 21426 | Lair:5   | Found a viscous altar of Jiyva.
 21427 | Lair:5   | Found a staircase to the Slime Pits.
 21589 | Lair:5   | Received a gift from Okawaru
 21961 | Lair:5   | Found a large runed translucent door.
 21961 | Lair:5   | Found a large runed translucent door.
 22599 | Lair:4   | Killed Rupert
 23001 | Lair:4   | Reached XP level 15. HP: 97/98 MP: 15/15
 23680 | Orc:2    | Found Sypey's Jewellery Shoppe.
 23805 | Orc:2    | Found Poijeoqu's Antique Weapon Boutique.
 24369 | Orc:2    | Reached skill level 10 in Dodging
 24400 | Orc:2    | Noticed an orc warlord
 24598 | Orc:1    | Killed an orc warlord
 24769 | Orc:2    | Found Ifyluloa's General Store.
 25168 | Orc:2    | Noticed an orc warlord
 25169 | Orc:2    | Found Taask's Antique Armour Emporium.
 25208 | Orc:1    | Killed an orc warlord
 25209 | Orc:1    | Reached skill level 15 in Maces & Flails
 26006 | Orc:2    | Found a transporter.
 26018 | Orc:2    | Found a bloodstained altar of Trog.
 26018 | Orc:2    | Noticed p0werm0de's ghost (journeyman MiFi)
 26039 | Orc:2    | Found a transporter.
 26247 | Shoals:1 | Entered Level 1 of the Shoals
 26531 | Spider:1 | Entered Level 1 of the Spider Nest
 26570 | Spider:1 | Identified the +7 eveningstar of Annihilation {drain,
                  | +Blink rElec Int+4} (Okawaru gifted it to you on level 1 of
                  | the Spider Nest)
 26570 | Spider:1 | Received a gift from Okawaru
 27195 | Spider:1 | Noticed an emperor scorpion
 27209 | Spider:1 | Killed an emperor scorpion
 27608 | Spider:1 | Identified the +2 hat of Okawaru's Respect {*Slow rN+ Str+4
                  | Dex+4 Stlth+} (Okawaru gifted it to you on level 1 of the
                  | Spider Nest)
 27608 | Spider:1 | Received a gift from Okawaru
 28846 | Spider:2 | Reached XP level 16. HP: 58/107 MP: 16/16
 29961 | Spider:2 | Identified the +8 dagger of the Warrior-Mage {vorpal, MP+9
                  | Str+3} (Okawaru gifted it to you on level 2 of the Spider
                  | Nest)
 29961 | Spider:2 | Received a gift from Okawaru
 30527 | Spider:2 | Noticed Frances
 30549 | Spider:2 | Killed Frances
 30550 | Spider:2 | Reached skill level 16 in Maces & Flails
 31116 | Spider:3 | Reached skill level 15 in Fighting
 31121 | Spider:3 | Noticed Mlioglotl
 31124 | Spider:3 | Noticed a lich
 31124 | Spider:3 | Gained mutation: Your body sometimes deteriorates upon
                  | taking damage. [a neqoxec]
 31135 | Spider:3 | Killed Mlioglotl
 31135 | Spider:3 | Identified the +0 cloak of Parts Unknown {rN+++ Int-3}
                  | (Okawaru gifted it to you on level 3 of the Spider Nest)
 31135 | Spider:3 | Received a gift from Okawaru
 31136 | Spider:3 | Reached skill level 15 in Armour
 31284 | Spider:3 | Noticed Arachne
 31324 | Spider:3 | Killed Arachne
 32174 | Spider:3 | Identified the +7 shortbow "Keanu" {speed, Dex+7}
 32365 | Spider:3 | Acquired 928 gold pieces
 32771 | Spider:4 | Entered Level 4 of the Spider Nest
 33296 | Spider:4 | Reached XP level 17. HP: 95/113 MP: 17/17
 34028 | Spider:4 | Demolished by a pharaoh ant

Illustrated notes

Levels and vault maps discovered:
D:1:      psy_arrival_dodecagon, layout_basic, minmay_crystal_room,
          roderic_st_hans_cross
D:2:      wander_river, layout_basic, basic_altar, serial_forest,
          infiniplex_forest_lined_room_, infiniplex_forest_clump_small,
          infiniplex_forest_clump_cross, infiniplex_forest_clump_C,
          infiniplex_forest_lined_room_2
D:3:      layout_loops_ring, lemuel_crystal_altar, lemuel_doored_altar,
          jmf_multi_god_temple, serial_shops, shop_statue,
          nicolae_shop_overgrown_old_shop, shop, shop_fountains, shop
D:4:      minmay_skewed_foursquare, layout_basic,
          nemelex_xobeh_ov_fountains_minmay, fedhas_altar_decomposition,
          dreamdust_princess_bridge, skrybe_limestone_x
D:5:      layout_loops_ring, nicolae_ru_path_of_blood,
          nicolae_ashenzari_skybound, minivault_27, nicolae_shop_clearance
D:6:      layout_cave_pools, vehumet_altar_wand_db, minmay_temple_entry_grid,
          kennysheep_generic_room_11
D:7:      layout_basic, makhleb_altar_promises_db
D:8:      layout_basic, kennysheep_mini_moat, mainiacjoe_overflow_cross_hatched,
          nicolae_overflow_hidden_temple, serial_ice, serial_ice_f,
          serial_ice_a, serial_ice_n, serial_ice_b, serial_ice_d, serial_ice_o,
          uniq_erica, uniq_psyche
D:9:      layout_loops_ring, erik_lair_orcish_takeover, orc_0_dummy,
          gammafunk_ghost_ooze, enter_bailey_5, minmay_misc_feat_iff,
          minmay_tree_intersection
D:10:     layout_rooms
D:11:     layout_basic, kennysheep_generic_room_16, uniq_harold
D:12:     layout_grid_maze
D:13:     layout_rooms, uniq_snorg
D:14:     layout_basic, david_vaults_4, led_sif_pool, uniq_azrael, uniq_roxanne
Temple:   nicolae_temple_superstar
Lair:1:   layout_chaotic_city, gammafunk_ghost_arena, beast_lair_carwin_10,
          grunt_megastairs_4
Lair:2:   layout_regular_city, minmay_shoals_entry_lonely_mermaid,
          hellmonk_spider_entry_not_the_bees, lemuel_fruit_fields
Lair:3:   layout_cave_pods, grunt_megastairs_2, lemuel_fruit_fields
Lair:4:   layout_gridlike, minmay_lair_oklob_items, uniq_rupert
Lair:5:   cheibrodos_lair_end_hotspot, layout_long_grid, slime_entry_1,
          serial_bayou_pond_e, minivault_24, minmay_stone_trees_small,
          uniq_kirke
Shoals:1: layout_shoals, abandoned_shop, shoals_oasis,
          nicolae_shoals_spring_well_temple
Spider:1: layout_spider_delve
Spider:2: layout_spider_delve, special_room [special_room_bee],
          nicolae_spider_wall_of_niches, uniq_frances
Spider:3: layout_spider_delve, uniq_arachne, uniq_mlioglotl
Spider:4: guppyfry_spider_rune, nicolae_spider_orb_run
Orc:1:    layout_caves
Orc:2:    grunt_orc_gardens, layout_diamond_mine, grunt_orc_garden,
          grunt_orc_garden, grunt_orc_garden, grunt_orc_garden,
          gammafunk_ghost_wrathful_warriors

Skill      XL: |  1  2  3  4  5  6  7  8  9 10 11 12 13 14 15 16 17 |
---------------+----------------------------------------------------+-----
Maces & Flails | 3 4 5 6 7 9 11 13 14 15 16 | 16.7
Dodging        | 1 3 5 7 8 9 10 11 12 | 12.1
Fighting       | 4 6 8 10 11 13 14 15 | 15.8
Armour         | 4 6 8 10 11 13 14 15 | 15.8
Shields        | 4 6 8 10 | 10.6

Action                   |  1- 3 |  4- 6 |  7- 9 | 10-12 | 13-15 | 16-18 || total
-------------------------+-------+-------+-------+-------+-------+-------++-------
Melee: Flail             |   131 |   237 |   391 |   885 |       |       ||  1644
       Demon whip        |       |       |       |   140 |  1950 |   878 ||  2968
Invok: Heroism           |       |       |       |     9 |     2 |     2 ||    13
Evoke: Wand              |       |       |    14 |     1 |    16 |     2 ||    33
       Piece from Xom's  |       |       |       |     1 |     2 |       ||     3
  Use: Scroll            |       |       |    18 |     1 |    14 |     8 ||    41
       Potion            |       |       |     1 |     3 |     3 |     6 ||    13
 Stab: Paralysed         |       |       |       |     1 |       |       ||     1
       Held in net/web   |       |       |       |       |       |     1 ||     1
Armor: Scale mail        |    80 |   113 |    28 |       |       |       ||   221
       Chain mail        |       |       |   259 |   619 |   944 |   710 ||  2532
       Skin              |       |       |       |       |       |    25 ||    25
Dodge: Dodged            |   109 |   116 |   135 |   416 |   603 |   412 ||  1791
Block: Buckler           |    31 |    42 |    99 |   307 |   228 |       ||   707
       Tower shield      |       |       |       |       |  1113 |  1153 ||  2266
